 Dungeon Crawl Stone Soup version 0.32-a0-779-g362cfcae2a (webtiles) character file.

Game seed: 1351251882025310206

27867 cojito the Mimic (level 13, -7/178 HPs)
             Began as a Black Draconian Shapeshifter on Mar 19, 2024.
             Was an Elder of Wu Jian.
             Mangled by Rupert
             ... wielding a +5 executioner's axe of flaming
              (26 damage)
             ... on level 5 of the Lair of Beasts.
             The game lasted 00:27:01 (13828 turns).

cojito the Mimic (Black Draconian Shapeshifter)    Turns: 13828, Time: 00:27:02

Health: -7/178     AC: 26    Str: 21    XL:     13   Next: 6%
Magic:  13/13      EV:  2    Int: 11    God:    Wu Jian [****..]
Gold:   866        SH:  0    Dex: 11    Spells: 12/12 levels left

rFire   + .          .
                       - Unarmed
rCold   + + .        (no shield)
rNeg    . . .        (body armour unavailable)
rPois   +            (helmet currently unavailable)
rElec   +            u - melded +0 cloak
rCorr   +            (gloves currently unavailable)
SInv    .            (boots currently unavailable)
Will    .....        i - amulet of faith Stlth
                     J - ring of poison resistance
HPRegen 0.49/turn    D - ring of protection from cold
MPRegen 0.13/turn

%: faith
@: tree-form, silenced, resistant, hasted, very quick
A: stationary, stasis, torment immunity, boosted hp, (galvanic breath), AC +8,
unfitting armour, (electricity resistance), (cold-blooded)
a: Renounce Religion, Wall Jump


You were on level 5 of the Lair of Beasts.
You worshipped Wu Jian.
Wu Jian was greatly pleased with you.
You were a tree.
You visited 2 branches of the dungeon, and saw 13 of its levels.
You also visited: Sewer.

You collected 866 gold pieces.

Inventory:

Missiles
 f - 30 poisoned darts
 s - 4 curare-tipped darts
 B - 6 throwing nets (quivered)
Armour
 u - a +0 cloak (melded)
 K - a +0 kite shield
Jewellery
 i - an amulet of faith (around neck)
 p - an amulet of magic regeneration
 D - a ring of protection from cold (right branch)
 J - a ring of poison resistance (left branch)
Talismans
 b - a beast talisman
 c - a flux talisman (active)
 H - a storm talisman
Wands
 j - a wand of mindburst (7)
 y - a wand of flame (10)
Scrolls
 a - 4 scrolls of fog {unknown}
 d - 6 scrolls of teleportation
 l - a scroll of silence
 q - a scroll of brand weapon {unknown}
 r - 2 scrolls of enchant armour {unknown}
 t - 3 scrolls of poison {unknown}
 v - 2 scrolls of enchant weapon
 x - 2 scrolls of vulnerability {unknown}
 A - 2 scrolls of immolation {unknown}
 C - a scroll of fear {unknown}
 E - 2 scrolls of blinking {unknown}
 F - 4 scrolls of revelation {unknown}
 I - a scroll of butterflies {unknown}
 L - 3 scrolls of amnesia {unknown}
Potions
 e - 2 potions of brilliance
 h - 7 potions of curing
 k - 8 potions of haste
 n - a potion of heal wounds
 o - a potion of attraction
 w - 2 potions of mutation
 z - a potion of lignification
 G - 3 potions of magic


   Skills:
 + Level 12.5 Fighting
 + Level 9.1 Dodging
 + Level 10.2 Unarmed Combat
 * Level 13.0 Shapeshifting


You had 12 spell levels left.
You didn't know any spells.
Your spell library contained the following spells:

 Spells                   Type           Power      Damage    Failure   Level
 Apportation              Tloc           0%         N/A       34%         1
 Necrotise                Necr           0%         1d4       34%         1
 Sting                    Conj/Alch      0%         1d3       34%         1
 Summon Small Mammal      Summ           0%         N/A       34%         1
 Blink                    Tloc           0%         N/A       47%         2
 Ensorcelled Hibernation  Hex/Ice        0%         N/A       47%         2
 Lesser Beckoning         Tloc           0%         N/A       47%         2
 Momentum Strike          Conj/Tloc      0%         3d8       47%         2
 Scorch                   Fire           0%         2d5       47%         2
 Passwall                 Erth           0%         N/A       71%         3
 Swiftness                Air            0%         N/A       71%         3
 Flame Wave               Conj/Fire      0%         2d4       98%         4
 Summon Cactus Giant      Summ           0%         N/A       100%        6


Dungeon Overview and Level Annotations

Branches:
Dungeon (8/15)             Temple (0/1) D:5            Lair (5/5) D:8
 Shoals (0/4) Lair:3        Snake (0/4) Lair:3        Sewer (visited)
  Slime: Lair:4-5

Altars:
Elyvilon
Hepliaklqana
Okawaru
Ru
Sif Muna
Wu Jian
The Shining One

Shops:
D:3 (

Annotations:
Lair:2 1 runed translucent door
Lair:5 Rupert


Innate Abilities, Weirdness & Mutations

You are a tree.
Your roots penetrate the ground, keeping you stationary.
You cannot be teleported.
You are immune to unholy pain and torment.
Your maximum health is greatly increased.
Your equipment is partially melded.
((You can breathe arcing electricity.))
((Your glossy black scales are hard. (AC +8)))
You cannot fit into any form of body armour.
((You are resistant to electric shocks. (rElec)))
((You are cold-blooded and may be slowed by cold attacks.))


Message History

Okay, then.
Unknown command.
You feel much better.
Rupert hits you with a +5 executioner's axe of flaming!
* * * LOW HITPOINT WARNING * * *
Rupert burns you.
* * * LOW HITPOINT WARNING * * *
You feel much better.
Rupert hits you with a +5 executioner's axe of flaming.
Rupert burns you.
You feel much better. Rupert hits you but does no damage.
You feel much better.
Rupert hits you with a +5 executioner's axe of flaming!!
You barely miss Rupert.
Rupert is severely wounded.
Rupert hits you with a +5 executioner's axe of flaming!
Rupert burns you.
You hit Rupert.
Rupert is severely wounded.
You hit Rupert.
Rupert is severely wounded.
Rupert hits you with a +5 executioner's axe of flaming!
* * * LOW HITPOINT WARNING * * *
Rupert burns you.
* * * LOW HITPOINT WARNING * * *
You hit Rupert.
Rupert is severely wounded.
Rupert hits you with a +5 executioner's axe of flaming!
* * * LOW HITPOINT WARNING * * *
Rupert burns you.
* * * LOW HITPOINT WARNING * * *
You barely miss Rupert.
Rupert is severely wounded.
Rupert hits you with a +5 executioner's axe of flaming!
* * * LOW HITPOINT WARNING * * *
Rupert burns you.
* * * LOW HITPOINT WARNING * * *
You feel better.
Rupert hits you with a +5 executioner's axe of flaming!!
You die...

#.....# .#...P.
###.....## .......
#.#....#.##.......
#......#.........
####P...............
###..................#
#P.#...P.......#P.....
##P...#..P....P##
#...#
##......#.##...@♣##
...
##P...######.....P# .
......## ##.....##
......P# #.......##
.#.....## #.......P#
#.......# ##P....###
##.#...## #......#
##.....####......###
##...#.##..####..P#


You could see Rupert (berserk).

Vanquished Creatures
  An anaconda (Lair:4)
  A catoblepas (Lair:4)
  A death yak (Lair:4)
  Sonja (Lair:1)
  3 skysharks (Lair:3)
  A salamander (Lair:3)
  17 elephants
  6 black mambas
  A merfolk siren (Lair:3)
  Jeremiah (D:7)
  4 cane toads
  A rime drake (Lair:2)
  5 komodo dragons
  2 polar bears
  3 merfolk (Lair:3)
  Grum (D:8)
  2 basilisks
  23 yaks
  A human (Lair:2)
  3 wyverns
  A steam dragon (D:8)
  A naga (Lair:3)
  An acid dragon (D:8)
  15 water moccasins
  Pargi (Sewer)
  3 orc warriors
  A sky beast (D:7)
  A hornet zombie (D:7)
  2 ice beasts
  3 black bears
  11 wolves
  3 ogres
  A centaur (D:8)
  2 phantoms
  A brain worm (Sewer)
  A kobold brigand (D:6)
  2 scorpions
  9 bullfrogs
  2 gnoll sergeants (D:8)
  12 wights
  A bombardier beetle (D:3)
  A centaur zombie (D:7)
  A bullfrog zombie (D:7)
  3 gnoll boudas
  8 orc priests
  8 hounds
  A jelly (D:6)
  2 sleepcaps
  5 iguanas
  7 orc wizards
  2 howler monkey zombies (D:7)
  24 gnolls
  9 adders
  A shadow imp (D:6)
  2 ufetubi (D:5)
  A ribbon worm (D:5)
  A dart slug (D:1)
  41 orcs
  6 bats
  7 endoplasms
  3 giant cockroaches
  7 goblins
  8 hobgoblins
  3 jackals
  2 quokkas
  8 ball pythons
  8 frilled lizards
  9 kobolds
  5 rats
335 creatures vanquished.

Notes
Turn   | Place    | Note
-------+----------+-------------------------------------------
     0 | D:1      | cojito the Draconian Shapeshifter began the quest for the
                  | Orb.
     0 | D:1      | Reached XP level 1. HP: 16/16 MP: 1/1
   203 | D:1      | Reached XP level 2. HP: 16/23 MP: 2/2
   400 | D:1      | Found a faded altar of an unknown god.
   812 | D:2      | Reached XP level 3. HP: 29/29 MP: 3/3
  1380 | D:3      | Reached XP level 4. HP: 20/37 MP: 4/4
  1488 | D:3      | Found an iron altar of Okawaru.
  1528 | D:3      | Found an ornate altar of the Wu Jian Council.
  1675 | D:3      | Became a worshipper of the Wu Jian Council
  1711 | D:3      | Found Ceemaut Zely's Weapon Shop.
  1950 | D:3      | Reached XP level 5. HP: 45/45 MP: 5/5
  1956 | D:3      | Reached skill level 4 in Shapeshifting
  2373 | D:3      | Found a glowing golden altar of the Shining One.
  2535 | D:3      | Reached * piety under Wu Jian
  2696 | D:4      | Found a glowing drain.
  2700 | Sewer    | Entered a sewer
  2748 | Sewer    | Noticed Pargi
  2758 | Sewer    | Killed Pargi
  2759 | Sewer    | Reached XP level 6. HP: 52/52 MP: 3/6
  3029 | D:4      | Reached ** piety under Wu Jian
  3030 | D:4      | Your scales start taking on a glossy black colour.
  3030 | D:4      | Reached XP level 7. HP: 55/60 MP: 7/7
  3030 | D:4      | Gained mutation: You are resistant to electric shocks.
                  | (rElec) [Black Draconian growth]
  3223 | D:4      | Reached skill level 5 in Shapeshifting
  3318 | D:4      | Reached skill level 5 in Fighting
  3803 | D:5      | Entered Level 5 of the Dungeon
  3805 | D:5      | You fall into a shaft and drop 3 floors!
  3805 | D:8      | Found a staircase to the Lair.
  3975 | D:7      | Reached XP level 8. HP: 37/70 MP: 8/8
  4160 | D:5      | Found a staircase to the Ecumenical Temple.
  4427 | D:5      | Reached skill level 5 in Unarmed Combat
  4427 | D:5      | Reached skill level 6 in Shapeshifting
  4501 | D:5      | Reached *** piety under Wu Jian
  5183 | D:6      | Reached XP level 9. HP: 70/79 MP: 9/9
  5186 | D:6      | Found a sacrificial altar of Ru.
  5232 | D:6      | Reached skill level 7 in Shapeshifting
  5802 | D:6      | Reached **** piety under Wu Jian
  5920 | D:6      | Found a shimmering blue altar of Sif Muna.
  5920 | D:6      | Found a white marble altar of Elyvilon.
  6294 | D:7      | Reached skill level 5 in Dodging
  6438 | D:7      | Found a hazy altar of Hepliaklqana.
  6725 | D:7      | Reached skill level 8 in Shapeshifting
  6738 | D:7      | Noticed Jeremiah
  6751 | D:7      | Killed Jeremiah
  7232 | D:8      | Reached XP level 10. HP: 76/91 MP: 10/10
  7604 | D:8      | Noticed Grum
  7617 | D:8      | Killed Grum
  7899 | Lair:1   | Entered Level 1 of the Lair of Beasts
  8129 | Lair:1   | Reached skill level 9 in Shapeshifting
  8367 | Lair:1   | Noticed Sonja
  8393 | Lair:1   | Reached skill level 10 in Fighting
  8402 | Lair:1   | Killed Sonja
  8700 | Lair:2   | Noticed a four-headed hydra
  8879 | Lair:2   | Noticed an elephant
  8898 | Lair:2   | Killed an elephant
  8899 | Lair:2   | Reached XP level 11. HP: 95/101 MP: 11/11
  8918 | Lair:2   | Reached skill level 10 in Shapeshifting
  9856 | Lair:2   | Found a runed translucent door.
  9880 | Lair:2   | Noticed a reaper
 10203 | Lair:3   | Reached skill level 11 in Shapeshifting
 10402 | Lair:3   | Found a staircase to the Shoals.
 10403 | Lair:3   | Noticed a skyshark
 10408 | Lair:3   | Noticed a skyshark
 10509 | Lair:3   | Killed a skyshark
 10733 | Lair:3   | Killed a skyshark
 10758 | Lair:3   | Noticed a skyshark
 10771 | Lair:3   | Reached XP level 12. HP: 20/110 MP: 12/12
 11543 | Lair:3   | Found a staircase to the Snake Pit.
 12030 | Lair:4   | Noticed a catoblepas
 12194 | Lair:4   | Killed a catoblepas
 12195 | Lair:4   | Reached skill level 12 in Shapeshifting
 12312 | Lair:4   | Noticed an anaconda
 12319 | Lair:4   | Killed an anaconda
 13076 | Lair:4   | Reached skill level 10 in Unarmed Combat
 13201 | Lair:4   | Reached ***** piety under Wu Jian
 13412 | Lair:4   | Noticed a death yak
 13448 | Lair:4   | Killed a death yak
 13449 | Lair:4   | Reached XP level 13. HP: 119/119 MP: 13/13
 13720 | Lair:5   | Entered Level 5 of the Lair of Beasts
 13723 | Lair:5   | Reached skill level 13 in Shapeshifting
 13800 | Lair:5   | Noticed Rupert
 13828 | Lair:5   | Mangled by Rupert

Illustrated notes

Levels and vault maps discovered:
D:1:      eino_arrival_cavern_b, layout_loops_ring,
          ebering_ecumenical_altar_hall, minmay_nonomino_d4
D:2:      layout_rooms
D:3:      cheibrodos_pilgrimage, layout_basic, okawaru_ov_weapons_minmay,
          lemuel_coloured_pillars_altar, nicolae_tso_swordbearing_angel,
          serial_shops, nicolae_square_shop, serial_forest,
          infiniplex_forest_join, infiniplex_forest_straight_3,
          infiniplex_forest_clump_curved, infiniplex_forest_clump_cross,
          infiniplex_forest_pool, infiniplex_forest_end_2,
          infiniplex_forest_corner_1, infiniplex_forest_lined_corner
D:4:      layout_loops_cross, mainiacjoe_sewer_entry_somewhere_in_here_2
D:5:      layout_basic, minmay_temple_entry_junction,
          chequers_serial_rivers_micro_c
D:6:      layout_basic, gammafunk_temple_overflow_elements, marbit_many_paths
D:7:      layout_basic, mainiacjoe_overflow_boulevard,
          nicolae_ossuary_entry_false_entrances, serial_undead, serial_undead_a,
          serial_undead_c, serial_undead_c, serial_undead_e, kennysheep_boxes,
          uniq_jeremiah
D:8:      layout_cave_pools, lair_entry_dummy, serial_gnoll_camp,
          gnoll_camp_mini_hut, gnoll_camp_medium_01, grums_kennel,
          gnoll_camp_medium_02, nicolae_figureground_sparkle
Lair:1:   layout_hall_layers, hangedman_lair_unloving_vines,
          serial_bayou_shore_b, uniq_sonja
Lair:2:   layout_regular_city, chequers_serial_rivers_large_a,
          pdpol_lair_cabin_in_the_woods
Lair:3:   layout_cave_pods, elwin_shoals_entry_stream,
          alex1729_snake_entry_snake, gammafunk_lair_bear_cave,
          grunt_megastairs_3
Lair:4:   beast_lair_carwin_large_3, layout_regular_city,
          nicolae_lair_yak_garden, lemuel_fruit_tree
Lair:5:   minmay_lair_end_enchanted_forest, layout_cave_pods, slime_entry_2,
          uniq_rupert

Skill      XL: |  1  2  3  4  5  6  7  8  9 10 11 12 13 |
---------------+----------------------------------------+-----
Dodging        | 2 3 4 5 6 7 9 |  9.1
Fighting       | 2 3 4 6 7 9 10 11 12 | 12.5
Shapeshifting  | 4 5 6 8 9 11 12 13 | 13.0
Unarmed Combat | 4 5 6 7 8 10 | 10.2

Action                     |  1- 3 |  4- 6 |  7- 9 | 10-12 | 13-15 || total
---------------------------+-------+-------+-------+-------+-------++-------
  Melee: Unarmed           |    81 |   131 |   426 |   745 |    26 ||  1409
         Tailslap          |    11 |    15 |    66 |   154 |     1 ||   247
         Punch             |     1 |       |     7 |     1 |       ||     9
 Invoke: Serpent's Lash    |       |       |     4 |    17 |     1 ||    22
Ability: Lunge             |       |    11 |    21 |    37 |     3 ||    72
         Whirlwind         |       |     2 |     8 |    43 |     4 ||    57
         Galvanic Breath   |       |       |     4 |       |       ||     4
  Evoke: Wand              |       |       |     1 |    18 |       ||    19
    Use: Scroll            |     3 |     2 |     5 |     6 |     1 ||    17
         Potion            |       |     2 |       |     3 |     8 ||    13
   Stab: Sleeping          |     1 |     2 |       |       |       ||     3
         Distracted        |       |     1 |       |       |       ||     1
 Armour: Skin              |    48 |    90 |   200 |   388 |    16 ||   742
  Dodge: Dodged            |    50 |    49 |   235 |   507 |     3 ||   844
   Form: Flux              |       |       |     1 |       |       ||     1

Table legend: (Time is in decaauts)
 A = Elapsed time spent in this place.
 B = Non-inter-level travel time spent in this place.
 C = Inter-level travel time spent in this place.
 D = Time resting spent in this place.
 E = Time spent auto-exploring this place.
 F = Levels seen in this place.
 G = Mean time per level.
                   A        B        C        D        E       F      G
               +--------+--------+--------+--------+--------+-----+--------+
         Total |  13715 |  13208 |    507 |   3057 |   7016 |  14 |  979.6 |
       Dungeon |   7733 |   7325 |    408 |   1106 |   4302 |   8 |  966.6 |
          Lair |   5842 |   5743 |     99 |   1930 |   2694 |   5 | 1168.4 |
         Sewer |    139 |    139 |      0 |     21 |     20 |   1 |  139.0 |
               +--------+--------+--------+--------+--------+-----+--------+

Top non-repeatable levels by time:
  Lair:3: 1882 daAuts
  Lair:4: 1662 daAuts
     D:3: 1501 daAuts
  Lair:2: 1361 daAuts
     D:6: 1301 daAuts
     D:4: 1134 daAuts
     D:8: 937 daAuts
     D:7: 892 daAuts
  Lair:1: 835 daAuts
     D:1: 783 daAuts
     D:5: 737 daAuts
     D:2: 444 daAuts
   Sewer: 139 daAuts
  Lair:5: 100 daAuts
